 Dungeon Crawl Stone Soup version 0.30-a0-743-gbfdf073431 (webtiles) character file.

Game seed: 10117508037281503435

68 mopl the Sneak (level 4, 0/23 HPs)
             Began as a Vine Stalker Brigand on Feb 7, 2023.
             Slain by a gnoll
             ... wielding a +0 whip
              (5 damage)
             ... on level 2 of the Dungeon.
             The game lasted 00:01:21 (1347 turns).

mopl the Sneak (Vine Stalker Brigand)               Turns: 1347, Time: 00:01:22

Health: 0/23       AC:  3    Str: 13    XL:     4   Next: 19%
Magic:  0/5        EV: 11    Int: 11    God:
Gold:   78         SH:  0    Dex: 18    Spells: 3/3 levels left

rFire   . . .      SeeInvis .    a - +2 dagger
rCold   . . .      Faith    .    (no shield)
rNeg    . . .      Spirit   +    b - +0 robe
rPois   .          Reflect  .    (no helmet)
rElec   .          Harm     .    c - +0 cloak
rCorr   .          Rampage  .    (no gloves)
Will    .....                    (no boots)
Stlth   +++                      (no amulet)
HPRegen 1.03/turn                (no ring)
MPRegen 0.09/turn                (no ring)

@: no status effects
A: fangs 2, regeneration 1, magic shield, antimagic bite, no potion heal 2
a: no special abilities


You were on level 2 of the Dungeon.
You visited 1 branch of the dungeon, and saw 2 of its levels.

You collected 78 gold pieces.

Inventory:

Hand Weapons
 a - a +2 dagger (weapon)
Missiles
 d - 12 poisoned darts (quivered)
 e - 9 curare-tipped darts
Armour
 b - a +0 robe (worn)
 c - a +0 cloak (worn)
Jewellery
 k - a ring of fire
 l - a ring of ice
Scrolls
 g - 4 scrolls of identify {unknown}
 i - a scroll of silence {unknown}
 j - a scroll of blinking {unknown}
 m - a scroll of fog {unknown}
 n - a scroll of noise {unknown}
Potions
 f - a potion of attraction {unknown}
 h - a potion of flight {unknown}
 o - a potion of brilliance {unknown}


   Skills:
 + Level 2.3 Fighting
 * Level 2.8 Short Blades
 + Level 2.3 Throwing
 - Level 0.7 Dodging
 + Level 5.3 Stealth


You had 3 spell levels left.
You didn't know any spells.
Your spell library contained the following spells:

 Spells                   Type           Power      Damage    Failure   Level
 Kindle Blastsparks       Fire/Tloc/Air  0%         2d10      71%         3
 Fulminant Prism          Conj/Hex       0%         3d5       98%         4
 Iskenderun's Mystic Bla  Conj/Tloc      0%         2d3       98%         4
 Lee's Rapid Deconstruct  Erth           0%         3d4*      100%        5
 Chain Lightning          Conj/Air       0%         N/A       100%        9
 Fire Storm               Conj/Fire      0%         5d1       100%        9
 Shatter                  Erth           0%         3d5*      100%        9


Dungeon Overview and Level Annotations

Branches:
Dungeon (2/15)

Altars:


Innate Abilities, Weirdness & Mutations

You have extremely sharp teeth.
Your natural rate of healing is unusually fast.
When hurt, damage is shared between your health and your magic reserves.
Your bite disrupts and absorbs the magic of your enemies.
Potions cannot restore your health.


Message History

You hit the gnoll.
The gnoll is heavily wounded.
The gnoll hits you with a +0 flail!
You barely miss the gnoll.
The gnoll is heavily wounded.
The gnoll barely misses you.
You hit the gnoll.
The gnoll is severely wounded.
The gnoll closely misses you.
You hit the gnoll. You bite the gnoll, but do no damage.
The gnoll is almost dead.
You hit the gnoll but do no damage. You bite the gnoll.
You kill the gnoll!
You closely miss the gnoll. You bite the gnoll. You drain its power.
You feel invigorated.
The gnoll is moderately wounded.
The gnoll hits you with a +0 whip!
You hit the gnoll. Your bite misses the gnoll.
The gnoll is heavily wounded.
The gnoll closely misses you.
You hit the gnoll. You punch the gnoll.
The gnoll is severely wounded.
The gnoll hits you but does no damage.
You hit the gnoll.
The gnoll is almost dead.
The gnoll hits you with a +0 whip.
You hit the gnoll but do no damage.
The gnoll is almost dead.
You closely miss the gnoll. You bite the gnoll, but do no damage.
The gnoll is almost dead.
The gnoll hits you with a +0 whip.
You hit the gnoll but do no damage.
The gnoll is almost dead.
The gnoll hits you with a +0 whip!
* * * LOW HITPOINT WARNING * * *
The gnoll attacks as you move away! The gnoll barely misses you.
The gnoll attacks as you move away! The gnoll hits you with a +0 whip.
* * * LOW HITPOINT WARNING * * *
The gnoll attacks as you move away! The gnoll hits you with a +0 whip.
You die...

##
#..>..g....
.#
##.##.....##
.#
#)##.....#
.#
#.####.###
.# #.# #.###
.# #g# .. .#
#.# .#### .#
#.###......
.#
#.g@......#
.#
####......#
.# ..#####
## ..# ..#
... ####
.### ...# .#
##.#


You could see a gnoll.

Vanquished Creatures
  Terence (D:2)
  A gnoll (D:2)
  An adder (D:2)
  A ball python (D:2)
  2 bats
  3 endoplasms (D:1)
  3 giant cockroaches
  3 hobgoblins
  3 frilled lizards
  A goblin (D:1)
  3 kobolds (D:2)
  3 rats
25 creatures vanquished.

Notes
Turn   | Place    | Note
-------+----------+-------------------------------------------
     0 | D:1      | mopl the Vine Stalker Brigand began the quest for the Orb.
     0 | D:1      | Reached XP level 1. HP: 11/11 MP: 2/2
   133 | D:1      | Reached skill level 2 in Short Blades
   167 | D:1      | Reached XP level 2. HP: 15/15 MP: 3/3
   230 | D:1      | Reached skill level 5 in Stealth
   242 | D:1      | Reached skill level 2 in Throwing
   248 | D:1      | Reached skill level 2 in Fighting
   866 | D:2      | Found a faded altar of an unknown god.
   942 | D:2      | Reached XP level 3. HP: 15/18 MP: 4/4
   963 | D:2      | Identified the +4 chain mail of Xuitz {Str+3 Int+2}
  1071 | D:2      | Noticed Terence
  1074 | D:2      | Killed Terence
  1075 | D:2      | Gained mutation: Your natural rate of healing is unusually
                  | fast. [Vine Stalker growth]
  1075 | D:2      | Reached XP level 4. HP: 23/23 MP: 5/5
  1347 | D:2      | Slain by a gnoll

Illustrated notes

Levels and vault maps discovered:
D:1:      tarquinn_simple_flora_water_d, layout_loops_cross, serial_glass,
          glass_columns_b, glass_columns_a
D:2:      layout_loops_ring, dilly_ecumenical_altar_fadedgnrine, uniq_terence

Skill      XL: |  1  2 |
---------------+-------+-----
Short Blades   | 2 |  2.8
Stealth        | 5 |  5.3
Throwing       | 2 |  2.3
Fighting       | 2 |  2.3
Dodging        | |  0.7

Action                     |  1- 3 |  4- 6 || total
---------------------------+-------+-------++-------
  Melee: Dagger            |    35 |    25 ||    60
         Bite              |    10 |     7 ||    17
         Punch             |       |     1 ||     1
   Stab: Sleeping          |     9 |       ||     9
 Armour: Robe              |     6 |     6 ||    12
  Dodge: Dodged            |    12 |    14 ||    26

Table legend: (Time is in decaauts)
 A = Elapsed time spent in this place.
 B = Non-inter-level travel time spent in this place.
 C = Inter-level travel time spent in this place.
 D = Time resting spent in this place.
 E = Time spent auto-exploring this place.
 F = Levels seen in this place.
 G = Mean time per level.
                   A        B        C        D        E       F      G
               +--------+--------+--------+--------+--------+-----+--------+
         Total |   1339 |   1301 |     38 |     31 |   1066 |   2 |  669.5 |
       Dungeon |   1339 |   1301 |     38 |     31 |   1066 |   2 |  669.5 |
               +--------+--------+--------+--------+--------+-----+--------+

Top non-repeatable levels by time:
     D:1: 719 daAuts
     D:2: 620 daAuts
